 Dungeon Crawl Stone Soup version 0.28.0-53-g5a82cb258f (webtiles) character file.

Game seed: 18068755007930431870

24 PentaManta the Ruffian (level 3, 0/29 HPs)
             Began as a Ghoul Gladiator on June 16, 2022.
             Slain by Natasha (5 damage)
             ... on level 2 of the Dungeon.
             The game lasted 00:01:37 (653 turns).

PentaManta the Ruffian (Ghoul Gladiator)             Turns: 653, Time: 00:01:37

Health: 0/29       AC:  4    Str: 17    XL:     3   Next: 2%
Magic:  2/2        EV: 12    Int:  5    God:
Gold:   22         SH:  0    Dex: 10    Spells: 2/2 levels left

rFire   . . .      SeeInvis .     - Unarmed
rCold   + . .      Faith    .   (no shield)
rNeg    + + +      Spirit   .   a - +0 leather armour
rPois   ∞          Reflect  .   b - +0 helmet
rElec   .          Harm     .   e - scarf {repulsion}
rCorr   .          Rampage  .   (no gloves)
Will    .....                   (no boots)
Stlth   +.........              (no amulet)
HPRegen 0.00/turn               (no ring)
MPRegen 0.08/turn               (no ring)

@: inhibited regen, slowed, repel missiles, very slow
A: claws 1, cold resistance 1, negative energy resistance 3, inhibited
regeneration, torment resistance 2
a: no special abilities


You were on level 2 of the Dungeon.
You visited 1 branch of the dungeon, and saw 2 of its levels.

You collected 22 gold pieces.

Inventory:

Missiles
 g - 4 javelins (quivered)
Armour
 a - a +0 leather armour (worn)
 b - a +0 helmet (worn)
 e - a scarf of repulsion (worn)
 f - a +2 tower shield of fire resistance
Jewellery
 h - an amulet of faith
Scrolls
 d - a scroll of teleportation {unknown}
 i - 2 scrolls of identify {unknown}


   Skills:
 - Level 2.2 Fighting
 - Level 1.8 Throwing
 - Level 2.7 Dodging
 + Level 4.5 Unarmed Combat


You had 2 spell levels left.
You didn't know any spells.
Your spell library contained the following spells:

 Spells                   Type           Power      Damage    Failure   Level
 Petrify                  Tmut/Erth      0%         N/A       100%        4
 Irradiate                Conj/Tmut      0%         3d13      100%        5
 Sublimation of Blood     Necr           Unusable   N/A       N/A         2

Dungeon Overview and Level Annotations

Branches:
Dungeon (2/15)

Altars:

Shops:
D:1 !

Annotations:
D:2 Natasha


Innate Abilities, Weirdness & Mutations

You thrive by killing the living.
You are immune to poison.
You have sharp fingernails.
Your flesh is cold resistant. (rC+)
You are immune to negative energy. (rN+++)
You do not regenerate when monsters are visible.
You are immune to unholy pain and torment.


Message History

Natasha is moderately wounded.
Natasha struggles against the net.
The goblin hits you with a +0 club.
Natasha struggles against the net.
You scratch Natasha.
Natasha is heavily wounded.
The goblin closely misses you.
Natasha struggles against the net.
You completely miss Natasha.
Natasha is heavily wounded.
Natasha struggles against the net.
The goblin barely misses you.
Natasha struggles against the net.
The net rips apart, and Natasha comes free!
The goblin hits you but does no damage.
Unknown command.
Throw: 2 throwing nets
Press: ? - help, Q - select action, (/) - cycle Shift-Dir - straight line, f/p - Natasha
Aim: Natasha (heavily wounded, 47% to hit)
You throw a throwing net. The throwing net misses Natasha.
Natasha mumbles some strange words.
Natasha glows brightly for a moment.
Natasha claws you.
* * * LOW HITPOINT WARNING * * *
The goblin barely misses you.
Throw: throwing net
Press: ? - help, Q - select action, (/) - cycle Shift-Dir - straight line, f/p - Natasha
Aim: Natasha (heavily wounded, 47% to hit)
You throw a throwing net.
The throwing net closely misses Natasha.
Natasha closely misses you. The goblin hits you with a +0 club.
* * * LOW HITPOINT WARNING * * *
Natasha claws you but does no damage.
You barely miss Natasha.
Natasha is heavily wounded.
The goblin closely misses you. Natasha closely misses you.
The goblin hits you but does no damage.
You scratch Natasha but do no damage.
Natasha is heavily wounded.
Natasha mumbles some strange words.
You feel troubled. Natasha claws you.
You die...

#### #.#
#..(##..###.##
#...##......>#######
#...##.####.........
#...##.# #.#######.
#...##.# #)##....
#...##.# #.#..##
#..h##.####.....#
#..@##.##..<.##.#
###.g.....#.##
#...#.####.#
#".......#.#
###........#
###.#..##. #.##...#
#.# #.#. ..# ..


You could see Natasha and a goblin.

Vanquished Creatures
  5 endoplasms (D:1)
  2 giant cockroaches (D:1)
  2 goblins (D:1)
  A hobgoblin (D:1)
  2 kobolds
  A quokka (D:1)
  3 ball pythons (D:1)
  A frilled lizard (D:1)
  4 rats (D:1)
21 creatures vanquished.

Notes
Turn   | Place    | Note
-------+----------+-------------------------------------------
     0 | D:1      | PentaManta the Ghoul Gladiator began the quest for the Orb.
     0 | D:1      | Reached XP level 1. HP: 17/17 MP: 0/0
   197 | D:1      | Reached XP level 2. HP: 24/24 MP: 1/1
   217 | D:1      | Reached skill level 4 in Unarmed Combat
   272 | D:1      | Found Caasa's Distillery.
   593 | D:1      | Found a faded altar of an unknown god.
   614 | D:2      | Reached XP level 3. HP: 29/29 MP: 2/2
   632 | D:2      | Noticed Natasha
   653 | D:2      | Slain by Natasha

Illustrated notes

Levels and vault maps discovered:
D:1:      nicolae_arrival_washed_ashore, layout_rooms, serial_shops,
          nicolae_square_shop, shapermc_ecumenical_altar_mp_vishouse
D:2:      layout_rooms, serial_shops, nicolae_diamond_shop,
          nicolae_diamond_shop, shop_coins, minivault_23,
          hangedman_decor_opposing, kennysheep_generic_room_9, uniq_natasha,
          uniq_robin

Skill      XL: |  1  2 |
---------------+-------+-----
Unarmed Combat | 4 |  4.5
Fighting       | |  2.2
Throwing       | |  1.8
Dodging        | |  2.7

Action                   || total
-------------------------++-------
Melee: Unarmed           ||    72
       Punch             ||     3
Throw: Throwing net      ||     3
Armor: Leather armour    ||    15
Dodge: Dodged            ||    45
